AoeStats
← TONIC

Arabia

509935413Analyzed
4v4 RM · 3d ago on Sep 28, 2026· 54m 49s· 8 players
Game mode
Random Map
Map size
Large (8 player)
Population
200
Speed
Normal
Resources
Standard
Victory
Conquest
Starting age
Dark Age
Ending age
Imperial Age
RankedLock teamsTeams togetherTeam positionsShared explorationLock speedFull tech treeHidden civsTurbo modeCheats
Victory
Defeat
🇩🇪 Maya · Germany
1091
+15
🇧🇪 Franks · Belgium
1056
+16
🇫🇮 Mongols · Finland
1051
+16
🇩🇪 Huns · Germany
1005
+19
🇨🇦 Lithuanians · Canada
1086
-18
🇩🇪 Italians · Germany
1073
-17
🇲🇽 Ethiopians · Mexico
1059
-16
🇩🇪 Franks · Germany
1024
-15
TONIC
0:27 Loom
11:04 Feudal Age
19:23 Fletching
21:56 Padded Archer Armor
23:32 Double-Bit Axe
25:55 Castle Age
26:13 Gold Mining
26:01 Crossbowman
26:39 Bodkin Arrow
28:39 Thumb Ring
34:14 Ballistics
38:49 Town Watch
44:10 Imperial Age
45:11 Bracer
46:41 Chemistry
47:32 Arbalester
51:33 Leather Archer Armor
52:41 Wheelbarrow
53:18 Ring Archer Armor
52:42 Heated Shot
bad_dwarf
10:29 Feudal Age
11:07 Horse Collar
11:13 Double-Bit Axe
14:33 Bloodlines
17:19 Forging
18:24 Scale Barding Armor
25:16 Castle Age
26:13 Husbandry
26:35 Bow Saw
26:26 Heavy Plow
26:17 Gold Mining
36:42 Chain Barding Armor
36:58 Iron Casting
41:23 Wheelbarrow
40:34 Town Watch
42:03 Town Patrol
42:14 Bow Saw
42:40 Gold Shaft Mining
44:58 Imperial Age
42:14 Loom
45:19 Cavalier
47:00 Blast Furnace
46:35 Plate Barding Armor
47:12 Two-Man Saw
46:05 Stone Mining
47:06 Conscription
46:47 Paladin
47:44 Hand Cart
55:00 Scale Mail Armor
54:51 Fletching
haratass
11:22 Feudal Age
12:59 Loom
15:37 Castle Age
13:34 Double-Bit Axe
13:34 Horse Collar
16:50 Bow Saw
18:47 Bloodlines
18:37 Husbandry
23:24 Wheelbarrow
24:11 Scale Barding Armor
25:56 Gold Mining
26:11 Fletching
26:49 Ballistics
26:53 Bodkin Arrow
26:58 Padded Archer Armor
28:21 Stone Mining
35:12 Imperial Age
34:53 Hand Cart
35:12 Town Watch
36:16 Conscription
36:58 Chemistry
37:14 Thumb Ring
37:34 Parthian Tactics
37:11 Bracer
37:26 Leather Archer Armor
37:40 Elite Mangudai
39:20 Heavy Plow
44:01 Forging
45:47 Gold Shaft Mining
46:23 Chain Barding Armor
46:38 Iron Casting
45:49 Light Cavalry
46:33 Hussar
52:04 Blast Furnace
feanor111
5:08 Loom
10:32 Feudal Age
12:18 Double-Bit Axe
17:55 Castle Age
16:55 Forging
18:05 Scale Barding Armor
19:02 Gold Mining
20:59 Husbandry
23:03 Iron Casting
24:30 Chain Barding Armor
28:21 Fletching
28:35 Scale Mail Armor
28:26 Fletching
34:25 Imperial Age
33:52 Chain Mail Armor
36:20 Blast Furnace
35:51 Plate Mail Armor
37:02 Wheelbarrow
36:13 Town Watch
38:49 Bodkin Arrow
39:01 Padded Archer Armor
38:29 Elite Throwing Axeman
40:25 Conscription
40:59 Gambesons
41:16 Squires
41:02 Arson
42:14 Hand Cart
43:46 Town Patrol
45:37 Pikeman
47:49 Chemistry
47:12 Ballistics
52:21 Halberdier
54:34 Stone Mining
55:20 Gold Shaft Mining
Cuauhpilli
7:47 Loom
9:53 Feudal Age
11:13 Double-Bit Axe
15:26 Fletching
18:20 Gold Mining
20:48 Padded Archer Armor
25:46 Castle Age
25:56 Wheelbarrow
26:40 Thumb Ring
25:55 Crossbowman
27:10 Bodkin Arrow
28:52 Ballistics
28:50 Leather Archer Armor
28:59 Town Watch
39:35 Imperial Age
39:39 Arbalester
40:21 Bracer
40:52 Ring Archer Armor
54:23 Chemistry
Touseef
0:26 Loom
11:12 Feudal Age
16:58 Castle Age
15:40 Horse Collar
16:08 Double-Bit Axe
18:27 Husbandry
19:46 Bloodlines
25:13 Scale Barding Armor
28:23 Wheelbarrow
31:35 Chain Barding Armor
35:24 Imperial Age
35:27 Forging
36:16 Hand Cart
35:59 Treadmill Crane
36:16 Murder Holes
36:42 Ballistics
36:35 Gold Mining
36:36 Stone Mining
37:21 Cavalier
41:46 Elite Leitis
47:05 Plate Barding Armor
50:43 Stone Shaft Mining
50:45 Iron Casting
53:13 Scale Mail Armor
53:04 Fletching
Sakullius-of-Coursistan
3:08 Loom
12:22 Feudal Age
18:29 Castle Age
16:24 Double-Bit Axe
17:29 Stone Mining
21:44 Fletching
23:07 Forging
22:59 Scale Mail Armor
34:26 Padded Archer Armor
40:12 Masonry
42:48 Fortified Wall
44:51 Town Watch
45:48 Horse Collar
49:24 Wheelbarrow
50:55 Ballistics
52:24 Bodkin Arrow
53:20 Bow Saw
54:36 Thumb Ring
Datta_reddy12
3:09 Loom
11:34 Feudal Age
22:02 Castle Age
20:34 Double-Bit Axe
20:41 Gold Mining
21:29 Forging
22:59 Scale Barding Armor
23:42 Wheelbarrow
24:02 Chain Barding Armor
24:55 Hand Cart
27:20 Iron Casting
37:44 Imperial Age
35:27 Bow Saw
35:53 Gold Shaft Mining
37:54 Fletching
38:41 Husbandry
38:49 Pikeman
39:30 Squires
41:21 Cavalier
42:49 Scale Mail Armor
44:10 Blast Furnace
43:55 Bodkin Arrow
49:04 Halberdier
51:59 Chain Mail Armor
53:57 Plate Mail Armor
55:12 Blast Furnace
Connection lost

Rejoining the realm…

Still unreachable

The connection could not be restored.

Session expired

The server has moved on; the page needs a fresh start.